 Dungeon Crawl Stone Soup version 0.31.0-32-g396128a36d (webtiles) character file.

Game seed: 8855697715038241259

2 ChadusMaximus the Caller (level 1, 0/13 HPs)
             Began as a Barachi Summoner on Mar 8, 2024.
             Slain by a jackal (2 damage)
             ... on level 1 of the Dungeon.
             The game lasted 00:00:29 (41 turns).

ChadusMaximus the Caller (Barachi Summoner)           Turns: 41, Time: 00:00:30

Health: 0/13       AC:  2    Str:  9    XL:     1   Next: 40%
Magic:  1/3        EV: 12    Int: 15    God:
Gold:   0          SH:  0    Dex: 12    Spells: 3/4 levels left

rFire   . . .        (no weapon)
rCold   . . .        (no shield)
rNeg    . . .        a - +0 robe
rPois   .            (no helmet)
rElec   .            (no cloak)
rCorr   .            (no gloves)
SInv    .            (no boots)
Will    .....        (no amulet)
Stlth   ++           (no ring)
HPRegen 0.22/turn    (no ring)
MPRegen 0.08/turn

%: no passive effects
@: unable to hop, slow
A: amphibious, slowness 1, strong legs 1, +LOS
a: Hop


You were on level 1 of the Dungeon.
You visited 1 branch of the dungeon, and saw 1 of its levels.

Inventory:

Armour
 a - a +0 robe (worn)
Potions
 b - a potion of magic


   Skills:
 - Level 2.1 Dodging
 - Level 1.7 Stealth
 + Level 2.2 Spellcasting
 * Level 4.9 Summonings


You had 3 spell levels left.
You knew the following spells:

 Your Spells              Type           Power      Damage    Failure   Level
a - Summon Small Mammal   Summ           64%        N/A       2%          1

Your spell library contained the following spells:

 Spells                   Type           Power      Damage    Failure   Level
 Call Imp                 Summ           32%        N/A       4%          2
 Call Canine Familiar     Summ           16%        N/A       9%          3
 Summon Blazeheart Golem  Fire/Summ      9%         N/A       61%         4
 Summon Lightning Spire   Summ/Air       9%         N/A       61%         4


Dungeon Overview and Level Annotations

Branches:
Dungeon (1/15)

Altars:


Innate Abilities, Weirdness & Mutations

You are amphibious.
You cover ground slowly.
You can hop short distances.
You have an extended range of vision and can be seen from far away.


Message History

The bat closely misses you. The jackal closely misses your rat.
The bat closely misses you. The jackal attacks as it pursues you!
The jackal bites you but does no damage.
The bat hits you but does no damage.
Found 6 gold pieces and a tower shield.
The bat barely misses you. The jackal attacks as it pursues you!
The jackal bites you.
* * * LOW HITPOINT WARNING * * *
The bat barely misses you. The bat closely misses you. x2
Casting: Summon Small Mammal (safe; 3% risk of failure)
Confirm with . or Enter, or press ? or * to list all spells.
The bat hits you but does no damage.
The jackal splashes around in the water.
The jackal bites you.
* * * LOW HITPOINT WARNING * * *
Unknown command.
The bat barely misses your rat. The jackal barely misses you.
The bat barely misses your rat.
Your rat closely misses the jackal.
The jackal barely misses you.
Unknown command.
The bat closely misses your rat. The jackal barely misses you.
The jackal closely misses you.
Your rat bites the jackal.
Hop to where?
Press: ? - help, Dir - move target Floosh!
Found 8 gold pieces.
Boing!
The bat hits you but does no damage.
Your rat barely misses the jackal.
Your rat bites the jackal.
The jackal dies!
The bat hits you.
* * * LOW HITPOINT WARNING * * *
The kobold attacks as it pursues you! The kobold hits you with a +0 dagger.
* * * LOW HITPOINT WARNING * * *
Unknown command.
The bat misses you.
You closely miss the kobold. The bat barely misses you. x2
The kobold barely misses you.
Unknown command.
You closely miss the jackal. The bat hits you but does no damage.
The jackal bites you.
You die...

# #... ... #.
#.#.#####.... # #.##
#####............ #.#...
............(....
...~♣♣♣♣♣♣♣♣♣~.###...#
.~~≈♣♣♣♣≈♣≈≈~~#
♣♣~~~~~~~~~♣♣#
♣≈~~~~~~~~~♣♣
♣♣~~~~<~~~h@♣
♣≈~~†~r~~~K≈♣
♣♣~~~~r~~~b♣♣
.....~~♣≈≈♣≈♣♣♣≈~~..$...
##....~♣♣♣♣♣♣ ♣♣~..#####
....... ...# .......
...# ....... #..#
....... ..$


You could see a jackal, a bat (ally target), a kobold and 2 friendly rats.

Vanquished Creatures
  A jackal (D:1)
1 creature vanquished.

Vanquished Creatures (collateral kills)
  A jackal (D:1)
1 creature vanquished.

Grand Total: 2 creatures vanquished

Notes
Turn   | Place    | Note
-------+----------+-------------------------------------------
     0 | D:1      | ChadusMaximus the Barachi Summoner began the quest for the
                  | Orb.
     0 | D:1      | Reached XP level 1. HP: 13/13 MP: 3/3
    41 | D:1      | Slain by a jackal

Illustrated notes

Levels and vault maps discovered:
D:1:      reono_arrival_forest_river, layout_basic, st_stairs_12

Action                     || total
---------------------------++-------
  Melee: Unarmed           ||    10
   Cast: Summon Small Mamm ||     5
Ability: Hop               ||     1
 Armour: Robe              ||    27
  Dodge: Dodged            ||    26
